3AA
LONG ISLAND SEAWOLVES @ CASPER GHOSTS
09/05/2028
 
TOP OF THE 1ST
Long Island Seawolves batting - Pitching for Casper Ghosts : RHP Juan Reyes
Pitching: RHP Juan Reyes
Batting: RHB Júlio Flores 0-0: Ball
1-0: Called Strike
1-1: Swinging Strike
1-2: Ball
2-2: Foul Ball, location: 2F
2-2: Foul Ball, location: 2F
2-2: Fly out, F6 (Line Drive, 6)
Batting: RHB Mark Shoffner 0-0: Called Strike
0-1: Swinging Strike
0-2: Ball
1-2: Ball
2-2: Fly out, F9 (Flyball, 9S)
Batting: LHB Jackson Curry 0-0: Ground out 4-3 (Groundball, 4D)
Top of the 1st over - 0 run(s), 0 hit(s), 0 error(s), 0 left on base; Long Island 0 - Casper 0
BOTTOM OF THE 1ST
Casper Ghosts batting - Pitching for Long Island Seawolves : RHP Winston Wenham
Pitching: RHP Winston Wenham
Batting: RHB Blake Snow 0-0: Ground out 6-3 (Groundball, 6)
Batting: RHB Roberto De La Cruz 0-0: Swinging Strike
0-1: Called Strike
0-2: Ball
1-2: Ground out 4-3 (Groundball, 4)
Batting: RHB Jorge Díaz 0-0: Called Strike
0-1: Foul Ball, location: 2F
0-2: Ball
1-2: Ground out 5-3 (Groundball, 56)
Bottom of the 1st over - 0 run(s), 0 hit(s), 0 error(s), 0 left on base; Long Island 0 - Casper 0
TOP OF THE 2ND
Long Island Seawolves batting - Pitching for Casper Ghosts : RHP Juan Reyes
Batting: LHB Pedro Colón 0-0: Foul Ball, location: 2F
0-1: Ball
1-1: Foul Ball, location: 2F
1-2: Ball
2-2: Ground out 5-3 (Groundball, 5L)
Batting: RHB David Elías 0-0: Ball
1-0: SINGLE (Groundball, 6D)
Batting: RHB José Orihvela 0-0: Foul Ball, location: 2F
0-1: Ball
1-1: Ball
2-1: Swinging Strike
2-2: Foul Ball, location: 2F
2-2: Ball
3-2: Base on Balls
David Elías to second
Batting: LHB Govaart Pleijt 0-0: Ball
1-0: Ball
2-0: Ball
3-0: Called Strike
3-1: Foul Ball, location: 2F
3-2: Strikes out swinging
Batting: RHB Alfredo Escalante 0-0: Ground out 5-3 (Groundball, 56S)
Top of the 2nd over - 0 run(s), 1 hit(s), 0 error(s), 2 left on base; Long Island 0 - Casper 0
BOTTOM OF THE 2ND
Casper Ghosts batting - Pitching for Long Island Seawolves : RHP Winston Wenham
Batting: RHB Richard Jost 0-0: Called Strike
0-1: DOUBLE (Line Drive, 7D)
Batting: RHB Ron Coffman 0-0: Foul Ball, location: 2F
0-1: Ground out 4-3 (Groundball, 4)
Richard Jost to third
Batting: RHB Ron Thomas 0-0: Ball
1-0: Called Strike
1-1: Fly out, F4 (Popup, 4)
Batting: RHB Warner Robinson 0-0: Ball
1-0: Swinging Strike
1-1: Called Strike
1-2: Strikes out looking
Bottom of the 2nd over - 0 run(s), 1 hit(s), 0 error(s), 1 left on base; Long Island 0 - Casper 0
TOP OF THE 3RD
Long Island Seawolves batting - Pitching for Casper Ghosts : RHP Juan Reyes
Batting: RHB Creed Bratton 0-0: Ground out 5-3 (Groundball, 5L)
Batting: RHB Júlio Flores 0-0: Called Strike
0-1: Ball
1-1: Ball
2-1: Foul Ball, location: 2F
2-2: Ball
3-2: Base on Balls
Batting: RHB Mark Shoffner 0-0: Called Strike
Júlio Flores steals 2nd base
0-1: SINGLE (Line Drive, 78S)
Júlio Flores to third
Runner from 3rd tries for Home, SAFE, no throw
Batting: LHB Jackson Curry 0-0: Ball
1-0: Swinging Strike
1-1: Fielders Choice at 2nd, 4-6 (Groundball, 34)
Batting: LHB Pedro Colón 0-0: Ball
1-0: Foul Ball, location: 2F
1-1: Ball
2-1: Foul Ball, location: 2F
2-2: Foul Ball, location: 2F
2-2: Foul Ball, location: 2F
2-2: Fly out, F7 (Flyball, 7)
Top of the 3rd over - 1 run(s), 1 hit(s), 0 error(s), 1 left on base; Long Island 1 - Casper 0
BOTTOM OF THE 3RD
Casper Ghosts batting - Pitching for Long Island Seawolves : RHP Winston Wenham
Batting: RHB Burt Babbs 0-0: Ground out 6-3 (Groundball, 56)
Batting: RHB Manny Maltby 0-0: Called Strike
0-1: Ball
1-1: DOUBLE (Groundball, 3L)
Batting: RHB Blake Snow 0-0: Called Strike
0-1: Ball
1-1: Ground out 6-3 (Groundball, 6MD)
Manny Maltby to third
Batting: RHB Roberto De La Cruz 0-0: 2-RUN HOME RUN (Flyball, 8LXD), Distance : 450 ft
Batting: RHB Jorge Díaz 0-0: Ball
1-0: Called Strike
1-1: Swinging Strike
1-2: Ball
2-2: Ball
3-2: Foul Ball, location: 2F
3-2: Base on Balls
Batting: RHB Richard Jost 0-0: Ball
Jorge Díaz is caught stealing 2nd base
Bottom of the 3rd over - 2 run(s), 2 hit(s), 0 error(s), 0 left on base; Long Island 1 - Casper 2
TOP OF THE 4TH
Long Island Seawolves batting - Pitching for Casper Ghosts : RHP Juan Reyes
Batting: RHB David Elías 0-0: Called Strike
0-1: Swinging Strike
0-2: Ball
1-2: Ball
2-2: Ball
3-2: Base on Balls
Batting: RHB José Orihvela 0-0: Ball
1-0: Fly out, F7 (Flyball, 78M)
Batting: LHB Govaart Pleijt 0-0: Ball
1-0: Ball
2-0: Swinging Strike
2-1: Foul Ball, location: 2F
2-2: Foul Ball, location: 2F
2-2: Ball
3-2: Foul Ball, location: 2F
3-2: Foul Ball, location: 2F
3-2: Fly out, F8 (Line Drive, 8LM)
Batting: RHB Alfredo Escalante 0-0: Swinging Strike
0-1: Called Strike
0-2: Foul Ball, location: 2F
0-2: Fielders Choice at 2nd, 6-4 (Groundball, 6)
Top of the 4th over - 0 run(s), 0 hit(s), 0 error(s), 0 left on base; Long Island 1 - Casper 2
BOTTOM OF THE 4TH
Casper Ghosts batting - Pitching for Long Island Seawolves : RHP Winston Wenham
Batting: RHB Richard Jost 0-0: DOUBLE (Line Drive, 78D)
Batting: RHB Ron Coffman 0-0: Ball
1-0: Foul Ball, location: 2F
1-1: Ball
2-1: Foul Ball, location: 2F
2-2: Strikes out swinging
Batting: RHB Ron Thomas 0-0: Called Strike
0-1: Ground out 6-3 (Groundball, 6)
Richard Jost to third
Batting: RHB Warner Robinson 0-0: Ball
1-0: Foul Ball, location: 2F
1-1: Foul Ball, location: 2F
1-2: Ball
2-2: Ground out 4-3 (Groundball, 4)
Bottom of the 4th over - 0 run(s), 1 hit(s), 0 error(s), 1 left on base; Long Island 1 - Casper 2
TOP OF THE 5TH
Long Island Seawolves batting - Pitching for Casper Ghosts : RHP Juan Reyes
Batting: RHB Creed Bratton 0-0: Ball
1-0: Ground out 4-3 (Groundball, 4)
Batting: RHB Júlio Flores 0-0: Foul Ball, location: 2F
0-1: Swinging Strike
0-2: Ball
1-2: Ball
2-2: Strikes out looking
Batting: RHB Mark Shoffner 0-0: Ball
1-0: Called Strike
1-1: Ball
2-1: Ball
3-1: Foul Ball, location: 2F
3-2: Foul Ball, location: 2F
3-2: Strikes out swinging
Top of the 5th over - 0 run(s), 0 hit(s), 0 error(s), 0 left on base; Long Island 1 - Casper 2
BOTTOM OF THE 5TH
Casper Ghosts batting - Pitching for Long Island Seawolves : RHP Winston Wenham
Batting: RHB Burt Babbs 0-0: Swinging Strike
0-1: Ball
1-1: Bunt for hit - play at first, batter OUT! 3-4
Batting: RHB Manny Maltby 0-0: Called Strike
0-1: Ball
1-1: SINGLE (Groundball, 4MD)
Batting: RHB Blake Snow 0-0: Called Strike
0-1: Foul Ball, location: 2F
0-2: Ball
1-2: Ball
2-2: 2-RUN HOME RUN (Flyball, 7D), Distance : 377 ft
Batting: RHB Roberto De La Cruz 0-0: Ball
1-0: Ball
2-0: Ball
3-0: Called Strike
3-1: Foul Ball, location: 2F
3-2: Base on Balls
Batting: RHB Jorge Díaz 0-0: Called Strike
0-1: Foul Ball, location: 2F
0-2: Ball
1-2: Fly out, F9 (Flyball, 9LM)
Batting: RHB Richard Jost 0-0: SINGLE (Flyball, 8LS)
Roberto De La Cruz to second
Runner from 2nd tries for 3rd, SAFE, throw made to third
Batting: RHB Ron Coffman 0-0: Ball
1-0: Ball
2-0: Ball
3-0: Called Strike
3-1: Foul Ball, location: 2F
3-2: Foul Ball, location: 2F
3-2: Base on Balls
Richard Jost to second
Batting: RHB Ron Thomas 0-0: Ball
1-0: Called Strike
1-1: Fielders Choice at 2nd, 5-4 (Groundball, 5L)
Bottom of the 5th over - 2 run(s), 3 hit(s), 0 error(s), 2 left on base; Long Island 1 - Casper 4
TOP OF THE 6TH
Long Island Seawolves batting - Pitching for Casper Ghosts : RHP Juan Reyes
Batting: LHB Jackson Curry 0-0: Called Strike
0-1: Ball
1-1: Ball
2-1: Fly out, F8 (Line Drive, 8LD)
Batting: LHB Pedro Colón 0-0: Called Strike
0-1: Called Strike
0-2: Foul Ball, location: 2F
0-2: Foul Ball, location: 2F
0-2: Ball
1-2: Strikes out swinging
Batting: RHB David Elías 0-0: Ball
1-0: Ball
2-0: Ball
3-0: Base on Balls
Batting: RHB José Orihvela 0-0: SINGLE (Line Drive, 6MD)
David Elías to second
Batting: LHB Govaart Pleijt 0-0: Foul Ball, location: 2F
0-1: SINGLE (Groundball, 6MD)
David Elías to third
José Orihvela to second
Runner from 3rd tries for Home, SAFE, no throw
Batting: RHB Alfredo Escalante 0-0: Ball
1-0: Swinging Strike
1-1: SINGLE (Groundball, 6MD)
José Orihvela to third
Govaart Pleijt to second
Runner from 3rd tries for Home, SAFE, no throw
Pitching: RHP Ken Aldridge
Batting: RHB Creed Bratton 0-0: Foul Ball, location: 2F
0-1: Foul Ball, location: 2F
0-2: Foul Ball, location: 2F
0-2: Strikes out swinging
Top of the 6th over - 2 run(s), 3 hit(s), 0 error(s), 2 left on base; Long Island 3 - Casper 4
BOTTOM OF THE 6TH
Casper Ghosts batting - Pitching for Long Island Seawolves : RHP Winston Wenham
Batting: RHB Warner Robinson 0-0: Foul Ball, location: 2F
0-1: Ball
1-1: Called Strike
1-2: Ball
2-2: SINGLE (Line Drive, 6MD)
Batting: RHB Burt Babbs 0-0: Bunt - Flyout! F1
Batting: RHB Manny Maltby 0-0: Called Strike
0-1: Ball
1-1: Ball
2-1: Foul Ball, location: 2F
2-2: Fly out, F4 (Popup, 4MD)
Batting: RHB Blake Snow 0-0: Called Strike
0-1: Reached on error, E6 (Groundball, 6)
Warner Robinson to second
Batting: RHB Roberto De La Cruz 0-0: Foul Ball, location: 2F
0-1: Ball
1-1: SINGLE (Line Drive, 56D)
Warner Robinson to third
Blake Snow to second
Runner from 3rd tries for Home, SAFE, throw made home
Batting: RHB Jorge Díaz 0-0: Called Strike
0-1: Ground out 5-3 (Groundball, 56S)
Bottom of the 6th over - 1 run(s), 2 hit(s), 1 error(s), 2 left on base; Long Island 3 - Casper 5
TOP OF THE 7TH
Long Island Seawolves batting - Pitching for Casper Ghosts : RHP Ken Aldridge
Batting: RHB Júlio Flores 0-0: Swinging Strike
0-1: Called Strike
0-2: SINGLE (Groundball, 6MD)
Batting: RHB Mark Shoffner 0-0: Ball
1-0: Fly out, F9 (Flyball, 9S)
Batting: LHB Jackson Curry 0-0: Ball
Júlio Flores steals 2nd base
1-0: Swinging Strike
1-1: Called Strike
1-2: Foul Ball, location: 2F
1-2: SINGLE (Line Drive, 4MD)
Júlio Flores to third
Runner from 3rd tries for Home, SAFE, no throw
Batting: LHB Pedro Colón 0-0: Ball
1-0: SINGLE (Groundball, 4MD)
Jackson Curry to second
Batting: RHB David Elías 0-0: SINGLE (Groundball, 56D)
Jackson Curry to third
Pedro Colón to second
Runner from 3rd tries for Home, SAFE, no throw
Pinch Hitting: RHB Armando Rey 0-0: Ball
1-0: Ball
2-0: Ball
3-0: Called Strike
3-1: Foul Ball, location: 2F
3-2: Strikes out swinging
Pinch Hitting: LHB Denis Jerningham 0-0: Hit by Pitch
Pedro Colón to third
David Elías to second
Pinch Hitting: SHB Fernando Pineda 0-0: Swinging Strike
0-1: Hit by Pitch
Pedro Colón scores
David Elías to third
Denis Jerningham to second
Pitching: RHP Tadayoshi Tanaka
Pinch Hitting: LHB Roberto Valle 0-0: Foul Ball, location: 2F
0-1: SINGLE (Groundball, 34D)
David Elías scores
Denis Jerningham to third
Fernando Pineda to second
Runner from 3rd tries for Home, SAFE, no throw
Batting: RHB Júlio Flores 0-0: Called Strike
0-1: Ball
1-1: Foul Ball, location: 2F
1-2: Foul Ball, location: 2F
1-2: Strikes out swinging
Top of the 7th over - 5 run(s), 5 hit(s), 0 error(s), 2 left on base; Long Island 8 - Casper 5
BOTTOM OF THE 7TH
Casper Ghosts batting - Pitching for Long Island Seawolves : RHP Winston Wenham
Now at 2B: Denis Jerningham
Now at SS: Armando Rey
Now in LF: Josh Sanders
Now in CF: Sheldon Deshotels
Batting: RHB Richard Jost 0-0: Swinging Strike
0-1: Ball
1-1: Fly out, F9 (Flyball, 9S)
Batting: RHB Ron Coffman 0-0: Ball
1-0: SINGLE (Flyball, 7S)
Pitching: LHP José Velasco
Batting: RHB Ron Thomas 0-0: Ball
1-0: Grounds into double play, 1-4-3 (Groundball, 15)
Bottom of the 7th over - 0 run(s), 1 hit(s), 0 error(s), 0 left on base; Long Island 8 - Casper 5
TOP OF THE 8TH
Long Island Seawolves batting - Pitching for Casper Ghosts : RHP Tadayoshi Tanaka
Batting: RHB Mark Shoffner 0-0: Foul Ball, location: 2F
0-1: Ball
1-1: Called Strike
1-2: Ball
2-2: Ball
3-2: SINGLE (Groundball, 5D)
Batting: LHB Jackson Curry 0-0: Ball
1-0: Ball
2-0: Swinging Strike
2-1: Ball
3-1: Foul Ball, location: 2F
3-2: Strikes out swinging
Batting: LHB Pedro Colón Pickoff Throw to First - Error! E1
Mark Shoffner to second
0-0: Intentional Walk
Batting: RHB David Elías 0-0: Ball
Mark Shoffner steals 3rd base
Pedro Colón to second
1-0: Foul Ball, location: 2F
1-1: Ball
2-1: Called Strike
2-2: Ball
3-2: Foul Ball, location: 2F
3-2: Strikes out looking
Batting: RHB Armando Rey 0-0: Swinging Strike
0-1: Ball
1-1: Ball
2-1: Foul Ball, location: 2F
2-2: Ball
3-2: Base on Balls
Batting: LHB Denis Jerningham 0-0: Foul Ball, location: 2F
0-1: Foul Ball, location: 2F
0-2: Strikes out swinging
Top of the 8th over - 0 run(s), 1 hit(s), 1 error(s), 3 left on base; Long Island 8 - Casper 5
BOTTOM OF THE 8TH
Casper Ghosts batting - Pitching for Long Island Seawolves : LHP José Velasco
Batting: RHB Warner Robinson 0-0: Ball
1-0: Called Strike
1-1: Ball
2-1: Called Strike
2-2: Strikes out looking
Batting: RHB Burt Babbs 0-0: Foul Ball, location: 2F
0-1: Ball
1-1: Called Strike
1-2: Ball
2-2: Strikes out looking
Batting: RHB Manny Maltby 0-0: Ball
1-0: Ground out 6-3 (Groundball, 6)
Bottom of the 8th over - 0 run(s), 0 hit(s), 0 error(s), 0 left on base; Long Island 8 - Casper 5
TOP OF THE 9TH
Long Island Seawolves batting - Pitching for Casper Ghosts : RHP Tadayoshi Tanaka
Batting: SHB Josh Sanders 0-0: Ball
1-0: Ball
2-0: Foul Ball, location: 2F
2-1: Called Strike
2-2: Strikes out swinging
Batting: RHB Sheldon Deshotels 0-0: Ball
1-0: Foul Ball, location: 2F
1-1: Foul Ball, location: 2F
1-2: Ball
2-2: Foul Ball, location: 2F
2-2: Foul Ball, location: 2F
2-2: Foul Ball, location: 2F
2-2: Strikes out looking
Batting: RHB Júlio Flores 0-0: Ground out 6-3 (Groundball, 6S)
Top of the 9th over - 0 run(s), 0 hit(s), 0 error(s), 0 left on base; Long Island 8 - Casper 5
BOTTOM OF THE 9TH
Casper Ghosts batting - Pitching for Long Island Seawolves : LHP José Velasco
Pitching: LHP Powell Beauregard
Batting: RHB Blake Snow 0-0: Called Strike
0-1: Ball
1-1: Swinging Strike
1-2: Ball
2-2: SINGLE (Groundball, 6MD)
Batting: RHB Roberto De La Cruz 0-0: Ball
1-0: Foul Ball, location: 2F
1-1: Fly out, F8 (Flyball, 78S)
Batting: RHB Jorge Díaz 0-0: SINGLE (Line Drive, 8RS)
Blake Snow to second
Runner from 2nd tries for 3rd, SAFE, throw made to third
Jorge Díaz to second
Batting: RHB Richard Jost 0-0: Ground out 5-3 (Groundball, 56S)
Blake Snow scores
Jorge Díaz to third
Batting: RHB Ron Coffman 0-0: Called Strike
0-1: Ball
1-1: Foul Ball, location: 2F
1-2: Strikes out swinging
Bottom of the 9th over - 1 run(s), 2 hit(s), 0 error(s), 1 left on base; Long Island 8 - Casper 6
Thursday, August 31st, 2017 - OOTP Baseball 17.12 Build 75